Match 46204080
Unlisted

Match 46204080
End
Construct Barracks
Selects Armored Battlegroup
Selects Veteran Crews
1⁄4-ton 4x4 Truck
1⁄4-ton 4x4 Truck
Riflemen Squad
Riflemen Squad
Engineer Squad
Mechanized Support Center
Construct Weapon Support Center
M3 Armored Personnel Carrier
Designate Forward Repair Station
M3 Armored Personnel Carrier
M3 Armored Personnel Carrier
Mortar Pit
Selects M31 Recovery Vehicle
Mortar Pit
Riflemen Squad
Riflemen Squad
M1918 Browning Automatic Rifles
Mortar Pit
Grenade Package
Riflemen Squad
.30 cal Machine Gun
M31 Recovery Vehicle
Mortar Pit
Construct Tank Depot
Selects War Machine
Selects Strength in Steel
Selects Seek and Destroy
Riflemen Squad
.30 cal Machine Gun
Riflemen Squad
Selects UNKNOWN (2160077)
M4A3E8 Sherman Easy Eight
.30 cal Machine Gun
M4A3E8 Sherman Easy Eight
.30 cal Machine Gun
M31 Recovery Vehicle
Riflemen Squad
Riflemen Squad
Riflemen Squad
Riflemen Squad
Riflemen Squad
.30 cal Machine Gun
M4A3E8 Sherman Easy Eight
mIST
Sumanai_Eugen
Chuef
Karung_Vtuber
mXp
『👑MayMaya25💕』
หนาวHEE part2
SuckDorSon
0
0

Comments sign in to comment!

No comments posted yet!